 Dungeon Crawl Stone Soup version 0.31-a0-1272-g9f703e4c1d (webtiles) character file.

Game seed: 2164507769195349623

136485 James the Brawler (level 16, -21/142 HPs)
             Began as an Octopode Berserker on Dec 17, 2023.
             Was the Champion of Trog.
             Killed from afar by Mara (41 damage)
             ... with a bolt of fire
             ... on level 3 of the Snake Pit.
             The game lasted 01:22:20 (28899 turns).

James the Brawler (Octopode Berserker)             Turns: 28899, Time: 01:22:21

Health: -21/142    AC: 25    Str: 36    XL:     16   Next: 98%
Magic:  0/16       EV: 23    Int: 16    God:    Trog [******]
Gold:   1809       SH:  0    Dex: 21    Spells: 15/15 levels left

rFire   . .          .
                       - Unarmed
rCold   + + +        (shield currently unavailable)
rNeg    + . .        (helmet currently unavailable)
rPois   +            I - amulet of guardian spirit
rElec   +            J - ring of Xom's Ringing Laughter {rN+ Will+ rCorr}
rCorr   +            j - +6 ring of strength
SInv    .            x - ring "Gaat" {rC++ EV+5 Str+2 Int-2 Stlth+}
Will    +++++        F - ring of Tepa {^Contam rElec rC++ Will+ AC+4}
Stlth   +++          T - +4 ring of protection
HPRegen 1.43/turn    E - +4 ring of slaying
MPRegen 0.15/turn    W - ring of Uxeuhe Itel {AC+4 Int+7}
                     P - ring of the Chewing Gods {Fly Dex+10}

%: guardian spirit
@: snake-form, strong-willed, flying, regenerating, studying Stealth
A: constrict, boosted hp, almost no armour, amphibious, 8 rings, large,
(camouflage 1), (gelatinous body 1), (nimble swimmer 1), (tentacles)
a: Begin Untransformation, Renounce Religion, Berserk, Trog's Hand, Brothers in
Arms


You were on level 3 of the Snake Pit.
You worshipped Trog.
Trog was exalted by your worship.
You were an enormous serpent.
You visited 5 branches of the dungeon, and saw 26 of its levels.
You also visited: Sewer and Ossuary.

You collected 2888 gold pieces.
You spent 1079 gold pieces at shops.

Inventory:

Hand Weapons
 f - a +1 dagger of electrocution
   (You took it off a kobold on level 6 of the Dungeon)
 i - a +2 sling of draining
   (You found it on level 14 of the Dungeon)
 Z - the +11 trident "Sabit" {freeze, rN+ Dex+2}
   (You found it on level 2 of the Lair of Beasts)

   Dex+2:     It affects your dexterity (+2).
   rN+:       It protects you from negative energy.
Missiles
 c - 5 atropa-tipped darts
 l - 42 poisoned darts (quivered)
 m - 30 boomerangs
 H - a curare-tipped dart {!f}
 R - 4 javelins
 S - 3 throwing nets {!f}
Jewellery
 e - an amulet of regeneration
   (You found it on level 12 of the Dungeon)
 j - a +6 ring of strength (right tentacle)
   (You found it on level 2 of the Dungeon)
 o - a ring of protection from cold
   (You found it on level 5 of the Dungeon)
 x - the ring "Gaat" (on tentacle) {rC++ EV+5 Str+2 Int-2 Stlth+}
   (You found it on level 4 of the Dungeon)

   [ring of evasion]

   EV+5:      It affects your evasion (+5).
   Str+2:     It affects your strength (+2).
   Int-2:     It affects your intelligence (-2).
   rC++:      It greatly protects you from cold.
   Stlth+:    It makes you more stealthy.
 z - a ring of see invisible
   (You found it on level 2 of the Dungeon)
 E - a +4 ring of slaying (on tentacle)
   (You took it off an orc on level 6 of the Dungeon)
 F - the ring of Tepa (on tentacle) {^Contam rElec rC++ Will+ AC+4}
   (You bought it in a shop on level 2 of the Orcish Mines)

   [ring of protection]

   AC+4:      It affects your AC (+4).
   rC++:      It greatly protects you from cold.
   rElec:     It insulates you from electricity.
   Will+:     It increases your willpower.
   ^Contam:   It causes magical contamination when unequipped.
 I - an amulet of guardian spirit (around neck)
   (You found it on level 7 of the Dungeon)
 J - the ring of Xom's Ringing Laughter (left tentacle) {rN+ Will+ rCorr}
   (You acquired it on level 2 of the Orcish Mines)

   [ring of resist corrosion]

   rN+:       It protects you from negative energy.
   Will+:     It increases your willpower.
   rCorr:     It protects you from acid and corrosion.
 P - the ring of the Chewing Gods (on tentacle) {Fly Dex+10}
   (You acquired it on level 4 of the Lair of Beasts)

   [ring of flight]

   Dex+10:    It affects your dexterity (+10).
   Fly:       It grants you flight.
 Q - an amulet of the acrobat
   (You found it on level 11 of the Dungeon)
 T - a +4 ring of protection (on tentacle)
   (You found it on level 5 of the Lair of Beasts)
 W - the ring of Uxeuhe Itel (on tentacle) {AC+4 Int+7}
   (You took it off a boggart on level 11 of the Dungeon)

   [ring of protection]

   AC+4:      It affects your AC (+4).
   Int+7:     It affects your intelligence (+7).
Talismans
 p - a serpent talisman (active)
   (You found it on level 6 of the Dungeon)
Wands
 d - a wand of iceblast (11)
   (You found it on level 10 of the Dungeon)
 t - a wand of flame (49)
   (You found it on level 4 of the Dungeon)
 v - a wand of digging (4)
   (You found it on level 12 of the Dungeon)
 C - a wand of mindburst (3)
   (You found it on level 1 of the Snake Pit)
 N - a wand of light (12)
   (You found it on level 8 of the Dungeon)
 O - a wand of charming (8)
   (You took it off Maurice on level 9 of the Dungeon)
 U - a wand of polymorph (6)
   (You found it on level 4 of the Lair of Beasts)
Scrolls
 b - a scroll of silence
 s - 12 scrolls of teleportation {@r4}
 w - a scroll of summoning
 B - 3 scrolls of fog
 K - 5 scrolls of immolation {!r}
 L - 10 scrolls of revelation
 M - 2 scrolls of fear
 X - 2 scrolls of enchant weapon
Potions
 a - 9 potions of haste {@q3}
 g - 5 potions of resistance
 h - 4 potions of magic
 k - 9 potions of enlightenment
 n - 18 potions of curing {@q1}
 q - 4 potions of might
 r - 2 potions of heal wounds {@q2}
 u - 2 potions of cancellation
 A - 4 potions of invisibility
 D - a potion of lignification {!q}
 G - 6 potions of mutation {!q}
 V - 7 potions of ambrosia
Miscellaneous
 y - a box of beasts
   (You found it on level 2 of the Lair of Beasts)
 Y - a phantom mirror
   (You found it on level 11 of the Dungeon)


   Skills:
 - Level 14.0 Fighting
 - Level 12.0 Dodging
 + Level 18.4 Unarmed Combat
 - Level 17.0 Shapeshifting


You had 15 spell levels left.
You didn't know any spells.
Your spell library was empty.

Dungeon Overview and Level Annotations

Branches:
Dungeon (15/15)            Temple (1/1) D:7            Lair (5/5) D:11
 Shoals (0/4) Lair:3        Snake (3/4) Lair:2        Slime (0/5) Lair:4
    Orc (2/2) D:10            Elf (0/3) Orc:2        Vaults (0/5) D:14
 Depths (0/4) D:15          Sewer (visited)         Ossuary (visited)

Altars:
Ashenzari
Cheibriados
Dithmenos
Elyvilon
Fedhas
Gozag
Hepliaklqana
Kikubaaqudgha
Makhleb
Nemelex Xobeh
Okawaru
Qazlal
Ru
Sif Muna
Trog
Uskayaw
Vehumet
Wu Jian
Xom
Yredelemnul
Zin
The Shining One

Shops:
D:8 (   D:9 !   D:12 :   Orc:1 [   Orc:2 [(*=:   Snake:1 [   Snake:2 ?

Portals:
Trove: D:14 (show slimy rune of Zot)

Annotations:
D:1 1 exclusion
Lair:4 exclusions: oklob plant and orange crystal statue
Snake:3 Mara


Innate Abilities, Weirdness & Mutations

You are an enormous serpent.
You have a powerful constriction melee attack.
Your maximum health is increased.
Your armour is entirely melded.
You are incapable of wielding weapons or throwing items.
You cannot wear most types of armour.
You are amphibious.
You can wear up to eight rings at the same time.
((Your skin changes colour to match your surroundings (Stealth+).))
((Your rubbery body absorbs attacks. (AC +1, EV +1)))
((You are camouflaged when in or above water. (Stealth+)))
((You have tentacles for arms and can constrict up to eight enemies at once.))


Message History

The anaconda constricts you.
* * * LOW HITPOINT WARNING * * *
Your cyclops hits Mara!!!
Unknown command.
You feel much better.
You feel sick. The anaconda barely misses you. The anaconda constricts you.
* * * LOW HITPOINT WARNING * * *
James's illusion hits you but does no damage.
Mara hits your cyclops with a +1 demon blade of electrocution!
Lightning courses through your cyclops!
Your cyclops dies!
Your cyclops's corpse disappears in a puff of smoke!
The anaconda completely misses you. The anaconda constricts you.
* * * LOW HITPOINT WARNING * * *
Unknown command.
Okay, then.
Press: ? - help, v - describe, . - travel
Here: James's illusion The floor, spattered with blood.
Unknown command.
The anaconda's grasp on you weakens, but your attempt to escape fails.
You feel sick.
You are no longer poisoned.
James's illusion hits you but does no damage.
The anaconda barely misses you. The anaconda constricts you.
The anaconda's grasp on you weakens, but your attempt to escape fails.
The anaconda completely misses you. The anaconda constricts you.
James's illusion hits you!
* * * LOW HITPOINT WARNING * * *
Mara blinks! x2; The anaconda completely misses you.
The anaconda constricts you.
As you read the scroll of fear, it crumbles to dust.
You assume a fearsome visage.
James's illusion easily resists.
Mara resists with some effort.
Mara easily resists.
The naga ritualist looks frightened!
The anaconda looks frightened!
The black mamba looks frightened!
The anaconda loses its grip on you. James's illusion hits you!
* * * LOW HITPOINT WARNING * * *
You feel much better. James's illusion completely misses you.
Mara hits you but does no damage. Mara misses you.
Unknown command.
Unknown command.
Unknown command.
Unknown command.
James's illusion hits you!
* * * LOW HITPOINT WARNING * * *
Mara closely misses you. Mara gestures at you. The bolt of fire hits you!!!
You die...

...N.# #...##.)........# )..R.#
######....##....# .....##
#......#...# ..##.†#############
####.#...### ..###.#....#N##...#
#.#.....# ......#....#..#...#
##.......#
#........>.##R....#####...##...#
..............#.R##...#...######
#..#.##.......##S##...#...#
#..#........)..@R##......##
#..##...[:####.)[)#.?###.#
#..###....####...)))## #.# ...#
##...........### #.# ...#
##....######.# #..
...###.......####S# #..
#......[####....#.# ?..
...)..#)# ####...####


You could see 3 Maras, a naga ritualist (fleeing), a black mamba (fleeing) and
James's illusion.

Vanquished Creatures
  Kirke (D:14)
  Aizul (Snake:3)
  An orc warlord (Orc:1)
  Azrael (D:14)
  Josephine (D:15)
  2 fire dragons (D:15)
  8 vault guards (D:14)
  8 hydras
  5 anacondas
  Erica (D:9)
  A death knight (D:11)
  6 centaur warriors
  A catoblepas (D:9)
  6 boulder beetles
  3 two-headed ogres
  4 shock serpents
  9 naga warriors
  13 spriggans (Lair:5)
  3 orc high priests (Orc:2)
  5 naga sharpshooters
  A skyshark (Lair:4)
  2 salamander mystics
  5 orc knights
  An arcanist (D:13)
  A naga ritualist (Snake:2)
  A deep elf pyromancer (D:12)
  4 mana vipers
  2 manticores
  24 ugly things
  5 cyclopes
  Maurice (D:9)
  6 salamanders
  10 naga magi
  20 black mambas
  2 kobold blastminers (Orc:1)
  15 cane toads
  Jeremiah (D:7)
  4 gargoyles
  2 efreet
  A kobold demonologist (D:14)
  A yaktaur (shapeshifter) (D:14)
  2 rime drakes
  9 komodo dragons
  A yaktaur (D:11)
  9 trolls
  A merfolk (Lair:3)
  3 polar bears (Lair:5)
  6 hornets
  A queen bee (Lair:3)
  14 blink frogs
  6 dream sheep (Lair:5)
  3 slime creatures (D:15)
  4 wyverns
  A shadow (D:10)
  A vampire (D:14)
  9 wraiths
  2 hogs (D:14)
  2 fire elementals
  3 steam dragons
  23 vampire mosquitoes
  6 wargs
  48 yaks
  4 basilisks
  25 nagas
  4 acid dragons
  2 hell hounds (D:14)
  29 water moccasins
  31 orc warriors
  3 ice beasts
  A black bear (shapeshifter) (D:11)
  6 black bears
  5 boggarts
  38 wolves
  10 ogres
  7 centaurs
  2 phantoms
  2 kobold brigands
  13 bullfrogs
  A gnoll sergeant (D:11)
  25 killer bees
  An electric eel (Lair:3)
  4 howler monkeys (D:10)
  14 jellies
  5 hounds
  8 orc priests
  22 orc wizards
  A sleepcap (D:7)
  5 iguanas
  8 mummies (Ossuary)
  9 gnolls
  15 adders
  2 river rats (Sewer)
  A shadow imp (D:8)
  4 ufetubi
  3 worms
  3 dart slugs
  79 orcs
  7 ball pythons
  4 bats
  13 endoplasms
  8 giant cockroaches
  5 hobgoblins
  3 jackals (D:2)
  16 kobolds
  2 quokkas
  6 frilled lizards
  A gnoll zombie (Ossuary)
  A goblin (D:3)
  3 hobgoblin zombies (Ossuary)
  4 kobold zombies (Ossuary)
  6 rats
  A butterfly (D:5)
815 creatures vanquished.

Notes
Turn   | Place    | Note
-------+----------+-------------------------------------------
     0 | D:1      | James the Octopode Berserker began the quest for the Orb.
     0 | D:1      | Reached XP level 1. HP: 16/16 MP: 1/1
   181 | D:1      | Reached XP level 2. HP: 20/21 MP: 2/2
   722 | D:2      | Reached skill level 4 in Unarmed Combat
   722 | D:2      | Reached XP level 3. HP: 26/26 MP: 3/3
  1013 | D:3      | Reached ** piety under Trog
  1141 | D:3      | Reached XP level 4. HP: 31/31 MP: 4/4
  1172 | D:3      | Reached skill level 5 in Unarmed Combat
  1890 | D:3      | Reached XP level 5. HP: 36/36 MP: 5/5
  2235 | D:4      | Found a sand-covered staircase.
  2245 | Ossuary  | Entered an ossuary
  2296 | Ossuary  | Reached skill level 6 in Unarmed Combat
  2404 | Ossuary  | Reached *** piety under Trog
  2458 | Ossuary  | Reached XP level 6. HP: 42/42 MP: 6/6
  2671 | D:4      | You fall into a shaft and drop 3 floors!
  2689 | D:7      | Found a staircase to the Ecumenical Temple.
  2722 | Temple   | Entered the Ecumenical Temple
  2740 | D:6      | Reached skill level 7 in Unarmed Combat
  2789 | D:6      | Found a shimmering altar of Xom.
  2868 | D:6      | Found a glowing drain.
  2944 | Sewer    | Entered a sewer
  3180 | Sewer    | Reached **** piety under Trog
  3181 | Sewer    | Reached XP level 7. HP: 39/46 MP: 7/7
  3207 | Sewer    | Found a viscous altar of Jiyva.
  3398 | D:6      | Reached skill level 8 in Unarmed Combat
  3676 | D:5      | Entered Level 5 of the Dungeon
  3854 | D:4      | Reached skill level 9 in Unarmed Combat
  3915 | D:4      | Reached XP level 8. HP: 52/52 MP: 8/8
  3941 | D:4      | Found a hide-covered altar of Uskayaw.
  3948 | D:4      | Identified the ring "Gaat" {rC++ EV+5 Str+2 Int-2 Stlth+}
  3981 | D:4      | Found a shimmering blue altar of Sif Muna.
  4335 | D:4      | Found a sparkling altar of Nemelex Xobeh.
  4560 | D:4      | Found a glowing silver altar of Zin.
  4560 | D:4      | Noticed an angel
  4866 | D:5      | Reached skill level 10 in Unarmed Combat
  4906 | D:5      | Reached skill level 5 in Fighting
  4960 | D:5      | Found a hazy altar of Hepliaklqana.
  5803 | D:6      | Reached XP level 9. HP: 63/63 MP: 9/9
  5927 | D:6      | Found an ornate altar of the Wu Jian Council.
  6152 | D:7      | Noticed Jeremiah
  6310 | D:7      | Reached skill level 1 in Shapeshifting
  6988 | D:8      | Found Byzez's Weapon Shoppe.
  7067 | D:8      | Noticed a troll
  7082 | D:8      | Killed a troll
  7148 | D:8      | Reached skill level 5 in Shapeshifting
  7165 | D:8      | Reached XP level 10. HP: 57/72 MP: 7/10
  7395 | D:8      | Found a white marble altar of Elyvilon.
  7395 | D:8      | Found an opulent altar of Gozag.
  7395 | D:8      | Found a stormy altar of Qazlal.
  7473 | D:8      | Reached ***** piety under Trog
  7701 | D:9      | Found Farghogro's Distillery.
  7707 | D:9      | Bought a potion of invisibility for 112 gold pieces
  7707 | D:9      | Bought a potion of might for 56 gold pieces
  7799 | D:9      | Found a glowing golden altar of the Shining One.
  8038 | D:9      | Noticed Maurice
  8046 | D:9      | Found an ancient bone altar of Kikubaaqudgha.
  8206 | D:9      | Noticed a catoblepas
  8268 | D:9      | HP: 3/72 [catoblepas (1)]
  8275 | D:9      | Killed a catoblepas
  8552 | D:9      | Noticed Erica
  8712 | D:9      | Killed Erica
  8713 | D:9      | Reached skill level 10 in Shapeshifting
  8771 | D:9      | Killed Maurice
  8772 | D:9      | Reached XP level 11. HP: 77/77 MP: 11/11
  8820 | D:10     | Entered Level 10 of the Dungeon
  9043 | D:10     | Reached skill level 11 in Unarmed Combat
  9201 | D:10     | Found a staircase to the Orcish Mines.
  9282 | D:10     | Found a snail-covered altar of Cheibriados.
  9378 | D:10     | Noticed a two-headed ogre
  9388 | D:10     | Killed a two-headed ogre
  9581 | D:10     | Reached skill level 12 in Unarmed Combat
 10006 | D:11     | Found a staircase to the Lair.
 10996 | D:7      | Killed Jeremiah
 11095 | Lair:1   | Entered Level 1 of the Lair of Beasts
 11138 | Lair:1   | Reached skill level 10 in Fighting
 11364 | Lair:1   | Reached skill level 5 in Dodging
 11367 | Lair:1   | Reached XP level 12. HP: 87/87 MP: 10/12
 12421 | Lair:2   | Found a staircase to the Snake Pit.
 12808 | Lair:2   | Identified the +11 trident "Sabit" {freeze, rN+ Dex+2}
 13448 | Lair:3   | Found a staircase to the Shoals.
 13936 | Lair:3   | Received a gift from Trog
 14491 | Lair:3   | Found a staircase to the Shoals.
 14627 | Lair:4   | Reached XP level 13. HP: 92/92 MP: 13/13
 14657 | Lair:4   | Reached skill level 13 in Unarmed Combat
 14995 | Lair:4   | Found a staircase to the Slime Pits.
 15115 | Lair:4   | Received a gift from Trog
 15122 | Lair:4   | Reached skill level 14 in Unarmed Combat
 15303 | Lair:4   | Identified 3 scrolls of acquirement
 15762 | Lair:5   | Entered Level 5 of the Lair of Beasts
 15805 | Lair:5   | HP: 5/110 [dream sheep (14)]
 16750 | Lair:5   | Reached XP level 14. HP: 53/103 MP: 5/14
 16777 | Lair:5   | HP: 5/123 [spriggan/+0 short sword (4)]
 17058 | Lair:4   | Acquired the ring of the Chewing Gods {Fly Dex+10}
 17482 | Lair:5   | Reached skill level 15 in Unarmed Combat
 17656 | Lair:5   | Reached ****** piety under Trog
 19473 | D:12     | Reached skill level 16 in Unarmed Combat
 19495 | D:12     | Found Mamovvie's Book Shop.
 19794 | D:11     | Identified the ring of Uxeuhe Itel {AC+4 Int+7}
 19974 | D:11     | Identified the +1 helmet "Kasaserch" {^Contam Str+2 Int+3}
 20084 | D:11     | Found a staircase to the Lair.
 20910 | Orc:1    | Entered Level 1 of the Orcish Mines
 20936 | Orc:1    | Reached skill level 10 in Dodging
 20947 | Orc:1    | Received a gift from Trog
 21049 | Orc:1    | Found Waklonnu's Armour Boutique.
 21186 | Orc:2    | Entered Level 2 of the Orcish Mines
 21268 | Orc:2    | Found Ydghopp's Antique Weapon Shoppe.
 21268 | Orc:2    | Noticed an orc warlord
 21520 | Orc:1    | Killed an orc warlord
 21643 | Orc:2    | Reached XP level 15. HP: 108/108 MP: 15/15
 21800 | Orc:2    | Got a glittering gem
 22003 | Orc:2    | Found Vaolumpe's General Store.
 22028 | Orc:2    | Found Ixkaraf's Jewellery Boutique.
 22029 | Orc:2    | Found Aghiry's Book Shop.
 22083 | Orc:2    | Bought a scroll of identify for 34 gold pieces
 22135 | Orc:2    | Found a bloodstained altar of Trog.
 22143 | Orc:2    | Lost the glittering gem through Zot's cruel spite.Buggy
                  | note description: unknown note type
 22167 | Orc:2    | Received a gift from Trog
 22213 | Orc:2    | Found Zelaisch's Antique Armour Boutique.
 22279 | Orc:2    | Found a staircase to the Elven Halls.
 22435 | Orc:2    | Acquired a manual of Stealth
 22437 | Orc:2    | Acquired the ring of Xom's Ringing Laughter {rN+ Will+
                  | rCorr}
 22441 | Orc:2    | Acquired a manual of Shapeshifting
 22451 | Orc:2    | Bought the ring of Tepa {^Contam rElec rC++ Will+ AC+4} for
                  | 877 gold pieces
 23628 | D:14     | Found a portal to a secret trove of treasure.
 23664 | D:14     | Reached skill level 15 in Shapeshifting
 24003 | D:14     | Noticed Kirke
 24014 | D:14     | Killed Kirke
 24086 | D:14     | Found a shimmering altar of Xom.
 24316 | D:14     | Found a gate to the Vaults.
 24572 | D:14     | Noticed Azrael
 24579 | D:14     | Killed Azrael
 24580 | D:14     | Reached XP level 16. HP: 116/116 MP: 14/16
 24654 | D:15     | Entered Level 15 of the Dungeon
 24842 | D:15     | Found a staircase to the Depths.
 25202 | D:15     | Noticed Josephine
 25207 | D:15     | Killed Josephine
 25871 | Snake:1  | Entered Level 1 of the Snake Pit
 26048 | Snake:1  | Received a gift from Trog
 26087 | Snake:1  | Found Nirotreff's Armour Shop.
 26830 | Snake:2  | Reached skill level 17 in Unarmed Combat
 26836 | Snake:2  | Identified the ring "Gest" {Wiz rN+ Str+3 Int+2 Dex-5}
 27022 | Snake:2  | Found Keaxuk's Magic Scroll Shoppe.
 27342 | Snake:2  | Received a gift from Trog
 28186 | Snake:3  | Identified the serpent talisman "Sillycur" {rF- Dex+3}
 28186 | Snake:3  | Noticed Aizul
 28246 | Snake:3  | Reached skill level 18 in Unarmed Combat
 28261 | Snake:3  | Killed Aizul
 28676 | Snake:3  | Noticed Mara
 28690 | Snake:3  | Noticed James's illusion
 28883 | Snake:3  | Noticed James's illusion
 28893 | Snake:3  | HP: 6/142 [anaconda[a naga ritualist] (10)]
 28897 | Snake:3  | HP: 1/142 [James's illusion (illusionary)[Mara] (12)]
 28899 | Snake:3  | Killed from afar by Mara

Illustrated notes

Levels and vault maps discovered:
D:1:      lemuel_arrival_room, layout_basic, minmay_statues_item,
          ebering_dispersal_statue_hall, serial_bayou_pond_a,
          minmay_misc_feat_secret_circle, glass_columns_b
D:2:      layout_rooms
D:3:      layout_loops_corners, minmay_starry_boxes
D:4:      layout_loops_ring, nicolae_sif_muna_condensation,
          nicolae_uskayaw_dance_hall, nemelex_spade_bored_becter, zin_angel,
          enter_ossuary_5
D:5:      layout_basic, lemuel_crystal_altar, hex_intersection,
          hangedman_glass_garden, chequers_serial_rivers_large_a
D:6:      layout_loops_ring, mainiacjoe_overflow_alcove_2,
          nzn_wu_jian_contemplation, gup_sewer_entry_glass
D:7:      layout_cave_pools, minmay_temple_entry_wispy, st_stairs_10,
          uniq_jeremiah
D:8:      layout_loops_cross, gammafunk_temple_overflow_claw, serial_shops, shop
D:9:      layout_small_grid, lemuel_coloured_pillars_altar,
          mainiacjoe_overflow_boulevard, serial_shops, nicolae_shop_stone,
          grunt_ministairs_5, uniq_maurice, uniq_erica
D:10:     layout_cave_pods, mainiacjoe_overflow_alcove_4, orc_0_dummy,
          serial_park, serial_park_tiny_2, serial_park_paths
          [serial_park_minivault_5x5_1], serial_park_tiny_1, serial_park_tiny_2,
          minmay_quadrilaterals
D:11:     minmay_the_grid_triangle_9x9_line_8_mashed
          [minmay_the_grid_triangle_9x9_shrine,
          minmay_the_grid_triangle_9x9_longest,
          minmay_the_grid_triangle_9x9_alien,
          minmay_the_grid_triangle_9x9_sprig,
          minmay_the_grid_triangle_9x9_wacky_v,
          minmay_the_grid_triangle_9x9_flanged_cone,
          minmay_the_grid_triangle_9x9_swiss_cheese,
          minmay_the_grid_triangle_9x9_prize_schism], layout_basic
D:12:     layout_big_octagon, serial_shops, nicolae_shop_pleasant_corner_grove,
          lightli_corner_chamber
D:13:     layout_roguey [special_room_orc]
D:14:     layout_rooms, erik_vaults_2, nicolae_trove_entry_diagonal,
          xom_teletrap_fun, uniq_azrael, uniq_kirke
D:15:     grunt_enter_depths_hoard, layout_loops_cross,
          minmay_misc_feat_pillars, uniq_josephine
Temple:   chequers_temple_sunken
Lair:1:   layout_regular_city, grunt_megastairs_5, serial_bayou_shore_b,
          lemuel_fruit_tree
Lair:2:   layout_cave_pods, minmay_snake_entry_six_corridors
Lair:3:   layout_roguey [special_room_bee], elwin_shoals_entry_rooms,
          infiniplex_staircase_pool_2
Lair:4:   layout_long_grid, minmay_slime_entry_jelly_boxes,
          chequers_serial_rivers_small_a, chequers_serial_rivers_micro_e,
          disabler_island
Lair:5:   minmay_lair_end_enchanted_forest, layout_loops_ring,
          grunt_forest_small_clearings, minmay_shattered_shrine
Snake:1:  nicolae_snake_hallway, layout_misc_corridors, serial_shops, shop
Snake:2:  layout_basic, serial_shops, nicolae_shop_crystal,
          nicolae_snake_squiggles, drop_trap
Snake:3:  layout_misc_corridors, serial_shops, nicolae_book_shop_shelving,
          serial_library_hellmonk_reading_circle, minmay_shop_grove, uniq_aizul,
          uniq_mara, uniq_louise
Orc:1:    layout_caves, serial_shops, shop
Orc:2:    grunt_orc_gardens, layout_diamond_mine, grunt_orc_garden,
          grunt_orc_garden, grunt_orc_garden, grunt_orc_garden, basic_altar,
          serial_shops, shop

Skill      XL: |  1  2  3  4  5  6  7  8  9 10 11 12 13 14 15 16 |
---------------+-------------------------------------------------+-----
Unarmed Combat | 4 5 6 7 9 10 12 14 16 18 | 18.4
Fighting       | 6 8 10 12 14 | 14.0
Shapeshifting  | 6 10 12 13 17 | 17.0
Dodging        | 5 8 11 12 | 12.0

Action                     |  1- 3 |  4- 6 |  7- 9 | 10-12 | 13-15 | 16-18 || total
---------------------------+-------+-------+-------+-------+-------+-------++-------
  Melee: Unarmed           |    66 |   145 |   206 |   365 |   832 |   291 ||  1905
         Constrict         |    20 |    32 |    41 |    81 |   201 |    77 ||   452
         Tentacles         |     9 |    26 |    56 |    22 |       |       ||   113
         Punch             |     5 |     4 |    10 |     6 |       |       ||    25
  Throw: Stone             |     3 |       |       |       |       |       ||     3
         Dart              |       |     7 |     6 |       |       |       ||    13
         Boomerang         |       |       |     3 |       |       |       ||     3
 Invoke: Trog's Hand       |       |       |       |     1 |     2 |     1 ||     4
         Berserk           |       |       |       |     1 |     1 |       ||     2
         Brothers in Arms  |       |       |       |       |       |     1 ||     1
  Evoke: Wand              |       |       |       |       |     1 |       ||     1
    Use: Scroll            |       |    12 |     3 |     7 |    13 |     1 ||    36
         Potion            |       |       |       |     1 |     3 |     2 ||     6
   Stab: Sleeping          |     3 |     5 |     8 |    14 |     8 |     4 ||    42
         Distracted        |       |       |     2 |     2 |     1 |     2 ||     7
 Armour: Skin              |    14 |    41 |    47 |   117 |   335 |   184 ||   738
  Dodge: Dodged            |    32 |    57 |    93 |   332 |   797 |   279 ||  1590
  Block: Buckler           |     7 |     7 |    36 |    15 |       |       ||    65
   Form: Serpent           |       |       |       |     1 |     1 |       ||     2
                           |       |       |       |       |     1 |       ||     1

Table legend: (Time is in decaauts)
 A = Elapsed time spent in this place.
 B = Non-inter-level travel time spent in this place.
 C = Inter-level travel time spent in this place.
 D = Time resting spent in this place.
 E = Time spent auto-exploring this place.
 F = Levels seen in this place.
 G = Mean time per level.
                   A        B        C        D        E       F      G
               +--------+--------+--------+--------+--------+-----+--------+
         Total |  28500 |  26665 |   1835 |   3013 |  17245 |  28 | 1017.9 |
       Dungeon |  15418 |  14073 |   1345 |    876 |   9805 |  15 | 1027.9 |
        Temple |      1 |      1 |      0 |      0 |      0 |   1 |    1.0 |
          Lair |   7868 |   7483 |    385 |   1014 |   4940 |   5 | 1573.6 |
     Snake Pit |   2854 |   2807 |     47 |    654 |   1555 |   3 |  951.3 |
  Orcish Mines |   1527 |   1470 |     57 |    317 |    735 |   2 |  763.5 |
         Sewer |    442 |    442 |      0 |    131 |    154 |   1 |  442.0 |
       Ossuary |    386 |    386 |      0 |     20 |     56 |   1 |  386.0 |
               +--------+--------+--------+--------+--------+-----+--------+

Top non-repeatable levels by time:
  Lair:5: 2469 daAuts
    D:11: 2370 daAuts
  Lair:4: 1618 daAuts
 Snake:2: 1571 daAuts
  Lair:3: 1351 daAuts
     D:9: 1297 daAuts
  Lair:2: 1292 daAuts
     D:3: 1170 daAuts
    D:10: 1163 daAuts
  Lair:1: 1136 daAuts
     D:6: 1107 daAuts
     D:5: 1096 daAuts
    D:15: 1068 daAuts
    D:13: 985 daAuts
    D:14: 911 daAuts
